 Dungeon Crawl Stone Soup version 0.21.1-1-g345015f (webtiles) character file.

283 Falco the Grave Robber (level 6, -1/43 HPs)
             Began as a Demonspawn Necromancer on May 4, 2018.
             Slain by an adder skeleton (4 damage)
             ... on level 4 of the Dungeon.
             The game lasted 00:23:10 (4392 turns).

Falco the Grave Robber (Demonspawn Necromancer)     Turns: 4392, Time: 00:23:11

Health: -1/43      AC:  2    Str:  9    XL:     6   Next: 7%
Magic:  9/10       EV: 13    Int: 18    God:
Gold:   210        SH:  0    Dex: 13    Spells: 3/11 levels left

rFire    . . .     SeeInvis .   j - +1 short sword (vamp)
rCold    . . .     Gourm    +   (no shield)
rNeg     . . .     Faith    .   a - +0 robe
rPois    .         Spirit   .   (no helmet)
rElec    .         Reflect  .   (no cloak)
rCorr    .         Harm     .   (no gloves)
MR       .....                  (no boots)
Stlth    ++........             g - amulet of the gourmand
HPRegen  0.14/turn              (no ring)
MPRegen  0.12/turn              (no ring)

@: about to teleport
A: powered by pain 2
a: no special abilities


You were on level 4 of the Dungeon.
You were full.

You visited 1 branch of the dungeon, and saw 4 of its levels.

You collected 210 gold pieces.

Inventory:

Hand Weapons
 d - a +0 short sword
 j - a +1 vampiric short sword (weapon)
 s - a +0 blowgun
Missiles
 p - 4 javelins (quivered)
 t - 2 poisoned needles
Armour
 a - a +0 robe (worn)
Jewellery
 f - an uncursed ring of stealth {unknown}
 g - an amulet of the gourmand (around neck)
 i - an uncursed amulet of guardian spirit
 u - an uncursed ring of protection from magic {unknown}
Scrolls
 e - 3 scrolls of teleportation
 l - a scroll of noise {unknown}
 n - a scroll of blinking {unknown}
 o - a scroll of enchant armour {unknown}
 q - a scroll of fear {unknown}
 r - a scroll of random uselessness {unknown}
 w - a scroll of amnesia {unknown}
Potions
 h - a potion of curing {unknown}
 k - 2 potions of resistance {unknown}
 m - a potion of mutation {unknown}
 v - 2 potions of heal wounds {unknown}
 x - 2 potions of degeneration {unknown}
Books
 b - a book of Necromancy

   Spells                             Type                      Level
   a - Pain                           Necromancy                   1
   b - Animate Skeleton               Necromancy                   1
   c - Vampiric Draining              Necromancy                   3
   d - Regeneration                   Charms/Necromancy            3
   e - Animate Dead                   Necromancy                   4
   f - Borgnjor's Vile Clutch         Necromancy/Earth             5
Comestibles
 c - 7 rations


   Skills:
 + Level 1.2 Fighting
 * Level 2.8 Short Blades
 + Level 2.4 Dodging
 + Level 2.1 Stealth
 + Level 3.3 Spellcasting
 + Level 5.4 Necromancy


You had 3 spell levels left.
You knew the following spells:

 Your Spells              Type           Power        Failure   Level  Hunger
a - Pain                  Necr           ###.         1%          1    None
b - Animate Skeleton      Necr           N/A          1%          1    None
c - Vampiric Draining     Necr           ###.......   4%          3    ###....
d - Regeneration          Chrm/Necr      ##........   16%         3    ###....


Dungeon Overview and Level Annotations

Branches:
Dungeon (4/15)
 Temple: D:4-7

Altars:
Ru

Annotations:
D:2 Sigmund


Innate Abilities, Weirdness & Mutations

You sometimes gain power by taking damage.


Message History

The ogre writhes in agony!
You kill the ogre!
You have reached level 6!
Your experience leads to an increase in your attributes!
Increase (S)trength, (I)ntelligence, or (D)exterity?
You feel stronger.
As you read the scroll of teleportation, it crumbles to dust.
You feel strangely unstable.
Casting: Pain
Confirm with . or Enter, or press ? or * to list all spells.
You can't see any susceptible monsters within range! (Use Z to cast anyway.) Unknown command.
You hit the adder skeleton.
The adder skeleton is lightly damaged.
The adder skeleton bites you.
* * * LOW HITPOINT WARNING * * *
You hit the adder skeleton.
The adder skeleton is heavily damaged.
The adder skeleton bites you.
You die...

#.##.....#
########.##.##..######.
#...........##.........
#.######.#####.#######.
#####.#
#.#####.#######.#
......#
#................
#######
#####)###.###### #.#
#.# #@# #.# # #Z# #.# #
#)# #.# # #.. ..# #
#..#### ##### #..#
...... ...# #####. ....
##.#


You could see an adder skeleton.

Vanquished Creatures
  An ogre (D:4)
  A scorpion (D:4)
  Jessica (D:2)
  4 adders
  2 oozes
  2 dart slugs
  6 leopard geckos
  6 orcs (D:3)
  2 ball pythons
  8 bats
  A giant cockroach (D:2)
  4 goblins
  6 hobgoblins
  8 jackals
  5 kobolds
  4 frilled lizards
  A leopard gecko skeleton (D:3)
  9 rats
71 creatures vanquished.

Vanquished Creatures (collateral kills)
  A jackal (D:2)
  A kobold (D:3)
  2 rats (D:3)
4 creatures vanquished.

Grand Total: 75 creatures vanquished

Notes
Turn   | Place    | Note
-------+----------+-------------------------------------------
     0 | D:1      | Falco the Demonspawn Necromancer began the quest for the Orb.
     0 | D:1      | Reached XP level 1. HP: 13/13 MP: 3/3
   277 | D:1      | Learned a level 1 spell: Animate Skeleton
   902 | D:1      | Gained mutation: You sometimes gain a little power by taking damage. [demonic ancestry]
   902 | D:1      | Reached XP level 2. HP: 11/19 MP: 0/5
  1595 | D:1      | Reached skill level 1 in Short Blades
  1854 | D:1      | Reached XP level 3. HP: 22/24 MP: 4/6
  1942 | D:2      | Found a sacrificial altar of Ru.
  1954 | D:2      | Learned a level 3 spell: Vampiric Draining
  1969 | D:2      | Noticed Jessica
  1978 | D:2      | Killed Jessica
  2109 | D:2      | Noticed Sigmund
  2134 | D:2      | Reached skill level 5 in Necromancy
  2284 | D:2      | Gained mutation: You sometimes gain power by taking damage. [demonic ancestry]
  2284 | D:2      | Reached XP level 4. HP: 28/31 MP: 8/8
  2329 | D:2      | Learned a level 3 spell: Regeneration
  3538 | D:3      | Reached XP level 5. HP: 34/36 MP: 9/9
  4044 | D:4      | Reached skill level 1 in Fighting
  4377 | D:4      | Noticed an ogre
  4388 | D:4      | Killed an ogre
  4388 | D:4      | Reached XP level 6. HP: 7/43 MP: 8/10
  4392 | D:4      | Slain by an adder skeleton

Skill      XL: |  1  2  3  4  5 |
---------------+----------------+-----
Dodging        | 2 |  2.4
Short Blades   | 1 2 |  2.8
Necromancy     | 5 |  5.4
Stealth        | 2 |  2.1
Spellcasting   | 3 |  3.3
Fighting       | 1 |  1.2

Action                   |  1- 3 |  4- 6 || total
-------------------------+-------+-------++-------
Melee: Short sword       |    52 |   170 ||   222
 Cast: Pain              |    39 |    16 ||    55
       Animate Skeleton  |     7 |     8 ||    15
       Vampiric Draining |       |     2 ||     2
       Regeneration      |       |     1 ||     1
  Use: Scroll            |     4 |     4 ||     8
 Stab: Sleeping          |     1 |     2 ||     3
  Eat: Ration            |     2 |     1 ||     3
       Chunk             |     8 |     9 ||    17
Armor: Robe              |    15 |    26 ||    41
Dodge: Dodged            |    31 |   115 ||   146
